AoeStats
← 凉拌皮蛋

Black Forest

508600549Analyzed
4v4 RM · 9d ago on Sep 23, 2026· 20m 2s· 8 players
Game mode
Random Map
Map size
Large (8 player)
Population
200
Speed
Normal
Resources
Standard
Victory
Conquest
Starting age
Dark Age
Ending age
Imperial Age
RankedLock teamsTeams togetherTeam positionsShared explorationLock speedFull tech treeHidden civsTurbo modeCheats
Victory
Defeat
🇨🇳 Mongols · China
1861
+2
🇺🇸 Saracens · United States
1826
+2
🇨🇳 Hindustanis · China
1595
+4
🇨🇳 Khmer · China
1538
+6
🇹🇼 Varangians · Taiwan
1357
-5
🇺🇸 Danes · United States
1321
-3
🇹🇷 Gurjaras · Türkiye
1314
-3
🇨🇳 Persians · China
1303
-3
tsoul
8:49 Feudal Age
8:36 Loom
9:54 Double-Bit Axe
16:29 Fletching
凉拌皮蛋
5:36 Loom
11:20 Feudal Age
15:07 Castle Age
13:24 Double-Bit Axe
16:09 Bow Saw
爱人跟人走
0:46 Loom
12:26 Feudal Age
15:59 Castle Age
14:27 Double-Bit Axe
14:33 Gold Mining
14:27 Horse Collar
16:42 Fletching
18:02 Bodkin Arrow
18:26 Town Watch
20:15 Bow Saw
chenst2020
10:58 Feudal Age
13:52 Castle Age
12:11 Double-Bit Axe
12:40 Gold Mining
15:32 Loom
Fatih
0:29 Loom
11:03 Feudal Age
16:00 Bloodlines
PEHF
0:55 Loom
14:48 Feudal Age
15:49 Double-Bit Axe
19:36 Wheelbarrow
破皮大師
11:03 Feudal Age
14:51 Castle Age
14:25 Double-Bit Axe
14:22 Horse Collar
17:05 Wheelbarrow
一梦千年
0:27 Loom
11:30 Feudal Age
16:03 Castle Age
14:14 Double-Bit Axe
14:26 Horse Collar
16:29 Scale Barding Armor
Connection lost

Rejoining the realm…

Still unreachable

The connection could not be restored.

Session expired

The server has moved on; the page needs a fresh start.